[Event "Titled Tuesday Blitz January 10 Early 2023"]
[White "Rychkov, Roman"]
[Black "Rodriguez Fontecha, Marcos"]
[WhiteFideId "30985595"]
[BlackFideId "2256576"]
[WhiteElo "2023"]
[BlackElo "2309"]
[Result "1-0"]
[Round "05"]
[TimeControl "180+2"]
[Date "2023.01.10"]
[WhiteClock "0:00:06"]
[BlackClock "0:00:05"]

1. e4 c6 2. d4 d5 3. exd5 cxd5 4. c4 Nc6 5. Nc3 Nf6 6. Bg5 Be6 7. c5 g6 8. Bb5 Bg7 9. Qa4 O-O 10. Bxc6 bxc6 11. Qxc6 Rb8 12. O-O-O Qa5 13. Qa4 Qxa4 14. Nxa4 Ne4 15. Be3 Rb4 16. Nc3 Rfb8 17. Nxe4 dxe4 18. b3 R4b5 19. Ne2 Bg4 20. Rhe1 Ra5 21. Rd2 Rxb3 22. h3 Bd7 23. axb3 Ra1+ 24. Kc2 Rxe1 25. d5 Bb5 26. Nc3 Bd3+ 27. Rxd3 exd3+ 28. Kxd3 e6 29. d6 Be5 30. Nb5 a6 31. d7 Bf6 32. Nd6 Kf8 33. c6 Ke7 34. Nb7 Rd1+ 35. Bd2 Kf8 36. Kc2 Rxd2+ 37. Kxd2 Bg5+ 38. Kd3 1-0


[Site "https://www.chess.com"]

[Event "Titled Tuesday Blitz January 10 Early 2023"]
[White "Iskusnyh, Sergei"]
[Black "Mrudul Dehankar"]
[WhiteFideId "4120027"]
[BlackFideId "25096990"]
[WhiteElo "2440"]
[BlackElo "2030"]
[Result "1-0"]
[Round "05"]
[TimeControl "180+2"]
[Date "2023.01.10"]
[WhiteClock "0:00:33"]
[BlackClock "0:00:04"]

1. d4 Nf6 2. c4 e6 3. g3 Bb4+ 4. Bd2 Qe7 5. Bg2 Bxd2+ 6. Qxd2 Nc6 7. Nc3 d6 8. e3 O-O 9. Nge2 e5 10. h3 exd4 11. Nxd4 Ne5 12. b3 c6 13. Rd1 Rd8 14. f4 Ng6 15. O-O d5 16. cxd5 cxd5 17. Qf2 Ne4 18. Nxe4 dxe4 19. Qc2 Re8 20. Nb5 Bd7 21. Nd6 Red8 22. Qxe4 Qxe4 23. Bxe4 Bxh3 24. Rfe1 Bg4 25. Rd4 Rd7 26. Nxb7 Rxd4 27. exd4 Rb8 28. Nc5 Rd8 29. d5 Kf8 30. Nb7 Rd7 31. d6 Nxf4 32. gxf4 1-0


[Site "https://www.chess.com"]

[Event "Titled Tuesday Blitz January 10 Early 2023"]
[White "Kozin, Yuri"]
[Black "Afanasieva, Alexandra"]
[WhiteFideId "4129920"]
[BlackFideId "34126926"]
[WhiteElo "2251"]
[BlackElo "1857"]
[Result "0-1"]
[Round "05"]
[TimeControl "180+2"]
[Date "2023.01.10"]
[WhiteClock "0:00:35"]
[BlackClock "0:00:04"]

1. e4 c5 2. Nf3 e6 3. d4 cxd4 4. Nxd4 Nf6 5. Nc3 Nc6 6. Ndb5 Bc5 7. Nd6+ Ke7 8. Nxc8+ Rxc8 9. Bd3 h6 10. O-O Qc7 11. Qe2 Nd4 12. Qd1 Rhd8 13. Be3 d5 14. e5 Qxe5 15. Na4 b6 16. Nxc5 bxc5 17. Re1 Qd6 18. c3 Nc6 19. Qf3 Ne5 20. Qd1 Nxd3 21. Qxd3 Kf8 22. g3 e5 23. Rad1 c4 24. Qc2 Qc6 25. Bxa7 Re8 26. Be3 Kg8 27. Qd2 Rcd8 28. b4 d4 29. cxd4 exd4 30. Bxd4 Rxe1+ 31. Qxe1 Re8 32. Qc3 Ne4 33. Qc2 Ng5 34. h4 Nf3+ 35. Kf1 Nxd4 0-1


[Site "https://www.chess.com"]

[Event "Titled Tuesday Blitz January 10 Early 2023"]
[White "Yaniuk, Volodymyr"]
[Black "Makhmudov, Shukhrat"]
[WhiteFideId "14133083"]
[BlackFideId "14200775"]
[WhiteElo "2223"]
[BlackElo "2115"]
[Result "0-1"]
[Round "05"]
[TimeControl "180+2"]
[Date "2023.01.10"]
[WhiteClock "0:00:06"]
[BlackClock "0:01:42"]

1. d4 Nf6 2. c4 e6 3. g3 d5 4. Bg2 Be7 5. Nf3 O-O 6. Nc3 c6 7. O-O b6 8. Ne5 Ba6 9. e4 Nfd7 10. exd5 cxd5 11. cxd5 Nxe5 12. dxe5 exd5 13. Nxd5 Bxf1 14. Nxe7+ Qxe7 15. Bxa8 Bh3 16. Qd6 Rd8 17. Bg5 Qxg5 18. f4 Rxd6 19. fxg5 Rd8 20. Rc1 Nd7 21. Bd5 Nxe5 22. Rc7 Rxd5 23. Rxa7 g6 24. Kf2 Nc4 25. Ra8+ Kg7 26. b3 Rd2+ 27. Kf3 Bg2+ 28. Kg4 0-1


[Site "https://www.chess.com"]

[Event "Titled Tuesday Blitz January 10 Early 2023"]
[White "Krienke, Makaio"]
[Black "Bashirli, Saadat"]
[WhiteFideId "2038854"]
[BlackFideId "13429990"]
[WhiteElo "2115"]
[BlackElo "1571"]
[Result "1-0"]
[Round "05"]
[TimeControl "180+2"]
[Date "2023.01.10"]
[WhiteClock "0:00:09"]
[BlackClock "0:00:01"]

1. e4 c5 2. Nf3 g6 3. d4 cxd4 4. Nxd4 Nc6 5. Nc3 Bg7 6. Be3 Nf6 7. Bc4 O-O 8. Qd2 Ng4 9. Nxc6 dxc6 10. Bf4 Qxd2+ 11. Bxd2 Rd8 12. h3 Nxf2 13. Rf1 Bd4 14. Ne2 Nxe4 15. Bxf7+ Kg7 16. Nxd4 Rxd4 17. Be3 Rd6 18. Rf4 Nf6 19. Bb3 e5 20. Rf2 Bf5 21. g4 Be4 22. g5 Nd5 23. Bc5 Rd7 24. Re2 Bf5 25. Rxe5 Bxh3 26. Rd1 Rad8 27. Bxa7 Rf7 28. Bd4 Kg8 29. Kd2 Bg4 30. Rde1 Rf4 31. c3 Kf8 32. Bc5+ Kg7 33. a4 Nb4+ 34. Bd4 Kf8 35. Re7 Nd5 36. Kc1 Rf7 37. Rxf7+ Kxf7 38. Rf1+ Kg8 39. Re1 Rf8 40. Re7 Rf7 41. Re8+ Rf8 42. Re7 Rf1+ 43. Kd2 Rf7 44. Re8+ Rf8 45. Re4 Bf5 46. Re5 Rd8 47. c4 Nb4 48. Kc3 Na6 49. Re7 Kf8 50. Rxb7 c5 51. Bg7+ Kg8 52. Bf6 Rd3+ 53. Kc2 Rd7+ 54. Kc1 Rxb7 55. Bd1 Nb4 56. Bf3 Nd3+ 57. Kd2 Rd7 58. Bc6 Rd6 59. Bd5+ Kf8 60. Bc3 Nf4 61. Be5 Rd8 62. Bxf4 Be6 63. Kc3 Bxd5 64. cxd5 Rxd5 65. a5 Rd8 66. Kc4 Rc8 67. a6 Ra8 68. Kb5 Ke7 69. Kb6 c4 70. Kb7 Rd8 71. a7 Ke6 72. Bb8 Rd7+ 73. Bc7 1-0


[Site "https://www.chess.com"]

[Event "Titled Tuesday Blitz January 10 Early 2023"]
[White "Luxama, Jacques Muller"]
[Black "Baches Garcia, Guillermo"]
[WhiteFideId "11900113"]
[BlackFideId "2209764"]
[WhiteElo "1933"]
[BlackElo "2327"]
[Result "1/2-1/2"]
[Round "05"]
[TimeControl "180+2"]
[Date "2023.01.10"]
[WhiteClock "0:02:36"]
[BlackClock "0:02:22"]

1. d4 Nf6 2. c4 e6 3. Nf3 d5 4. Nc3 c5 5. cxd5 Nxd5 6. e4 Nxc3 7. bxc3 cxd4 8. cxd4 Bb4+ 9. Bd2 Bxd2+ 10. Qxd2 O-O 11. Bc4 Nd7 12. O-O b6 13. Rad1 Bb7 14. Qe3 Rc8 15. Bb3 Re8 16. Rfe1 h6 17. h4 Nf6 18. Qf4 Nh5 19. Qg4 Nf6 20. Qf4 Nh5 21. Qg4 Nf6 22. Qf4 1/2-1/2


[Site "https://www.chess.com"]

[Event "Titled Tuesday Blitz January 10 Early 2023"]
[White "Ronka, Erik"]
[Black "Alfaro, William"]
[WhiteFideId "505080"]
[BlackFideId "6100457"]
[WhiteElo "2276"]
[BlackElo "2134"]
[Result "1-0"]
[Round "05"]
[TimeControl "180+2"]
[Date "2023.01.10"]
[WhiteClock "0:02:29"]
[BlackClock "0:02:22"]

1. f4 d6 2. Nf3 g6 3. e4 Bg7 4. d4 Bg4 5. Be3 Nf6 6. h3 Bxf3 7. Qxf3 Nc6 8. Nc3 e5 9. dxe5 dxe5 10. f5 Nd4 11. Qf2 c5 12. g4 Qb6 13. O-O-O O-O 14. g5 Nh5 15. f6 Bh8 16. Nd5 1-0


[Site "https://www.chess.com"]

[Event "Titled Tuesday Blitz January 10 Early 2023"]
[White "Avalos Parra, Joao"]
[Black "Arencibia Monduy, Antonio"]
[WhiteFideId "3402541"]
[BlackFideId "3507939"]
[WhiteElo "2185"]
[BlackElo "2122"]
[Result "1-0"]
[Round "05"]
[TimeControl "180+2"]
[Date "2023.01.10"]
[WhiteClock "0:00:27"]
[BlackClock "0:00:01"]

1. d4 Nf6 2. Nf3 c5 3. d5 g6 4. Nc3 Bg7 5. e4 d6 6. h3 O-O 7. a4 Na6 8. Be2 Nc7 9. O-O a6 10. Bf4 Nh5 11. Bh2 Rb8 12. e5 dxe5 13. Nxe5 Nf6 14. Bf3 Nfe8 15. Re1 Nd6 16. a5 Ncb5 17. Ne4 Nxe4 18. Bxe4 Nd6 19. Bf3 f6 20. Nd3 Qc7 21. Qd2 f5 22. c3 b5 23. Qe3 f4 24. Qxe7 Qxe7 25. Rxe7 Bf5 26. Nxc5 g5 27. Nxa6 Ra8 28. Nb4 Rfe8 29. Rxe8+ Rxe8 30. a6 Ra8 31. g3 Be5 32. Nc6 fxg3 33. Bxg3 Bxg3 34. fxg3 Bxh3 35. a7 Bd7 36. Ne5 Bf5 37. Ra6 Nc8 38. d6 Rxa7 39. Bd5+ Kg7 40. d7 Bxd7 41. Rxa7 Nxa7 42. Nxd7 Kg6 43. Bb7 Kf5 44. Kg2 Ke6 45. Nf8+ Ke7 46. Nxh7 g4 47. Ng5 Kf6 48. Ne4+ Ke5 49. Nf2 Kd6 50. Nxg4 Kc7 51. Bd5 Nc8 52. Nf6 Nb6 53. g4 Kd6 54. g5 Ke7 55. Kf3 Na4 56. Ke3 Nxb2 57. Kd4 Na4 58. Ne4 1-0


[Site "https://www.chess.com"]

[Event "Titled Tuesday Blitz January 10 Early 2023"]
[White "Skurikhin, Dmitrij"]
[Black "Urbina Perez, Juan Antonio"]
[WhiteFideId "4161297"]
[BlackFideId "2217368"]
[WhiteElo "2297"]
[BlackElo "2266"]
[Result "0-1"]
[Round "05"]
[TimeControl "180+2"]
[Date "2023.01.10"]
[WhiteClock "0:00:01"]
[BlackClock "0:00:30"]

1. d4 Nf6 2. Nf3 d5 3. c4 e6 4. Nc3 Nbd7 5. Bg5 Bb4 6. cxd5 exd5 7. e3 c5 8. Qc2 Qa5 9. Bd3 c4 10. Bf5 O-O 11. O-O Bxc3 12. bxc3 Re8 13. Nd2 g6 14. Bxd7 Nxd7 15. a4 Nb6 16. Rfb1 Bf5 17. e4 dxe4 18. Rb5 Qa6 19. g4 Bxg4 20. Nxe4 Nd7 21. Nd2 Qe6 22. Rxb7 Be2 23. Qe4 Qxe4 24. Nxe4 Rxe4 25. f3 Bxf3 26. Rxd7 Rg4+ 27. Kf2 Be4 28. Bh6 Re8 29. Re1 f5 30. Re3 Rg2+ 31. Kf1 Rxh2 32. Bf4 Rh1+ 33. Kf2 Ra1 34. Rxa7 Ra2+ 35. Kg3 Rg2+ 36. Kh3 Rg4 37. Be5 Kf8 38. Bg7+ Kg8 39. Be5 Rg1 40. Rg7+ Kf8 41. Rxh7 Rh1+ 42. Bh2 Kg8 0-1


[Site "https://www.chess.com"]

[Event "Titled Tuesday Blitz January 10 Early 2023"]
[White "Novikov, Evgenij"]
[Black "Sala, Giulia"]
[WhiteFideId "4125380"]
[BlackFideId "2840451"]
[WhiteElo "2276"]
[BlackElo "1998"]
[Result "0-1"]
[Round "05"]
[TimeControl "180+2"]
[Date "2023.01.10"]
[WhiteClock "0:00:02"]
[BlackClock "0:00:08"]

1. b3 e5 2. Bb2 Nc6 3. g3 d5 4. Bg2 Nf6 5. d3 g6 6. Nd2 Bg7 7. e3 O-O 8. Ne2 Be6 9. h3 Qd7 10. g4 d4 11. e4 Ne7 12. O-O c5 13. f4 exf4 14. Nxf4 b5 15. a4 a6 16. axb5 axb5 17. Rxa8 Rxa8 18. e5 Nfd5 19. Ne4 Qc7 20. Nf6+ Bxf6 21. exf6 Ne3 22. Qf3 N7d5 23. Nxe6 fxe6 24. f7+ Kf8 25. Bc1 Ra7 26. Re1 Qxf7 27. Qg3 Ra2 28. Qd6+ Qe7 29. Qb8+ Kg7 30. Qe5+ Qf6 31. Qe4 Rxc2 32. Bxe3 Nxe3 33. Bf3 Qh4 34. Qe5+ Kh6 35. Qf4+ Qg5 36. Qg3 Nf5 37. Qe5 Ne3 38. Qg3 Qf6 39. Qh4+ Qxh4 0-1


[Site "https://www.chess.com"]

[Event "Titled Tuesday Blitz January 10 Early 2023"]
[White "Riverol, Jose"]
[Black "Heinemann, Josefine"]
[WhiteFideId "3000427"]
[BlackFideId "12900460"]
[WhiteElo "2304"]
[BlackElo "2289"]
[Result "0-1"]
[Round "05"]
[TimeControl "180+2"]
[Date "2023.01.10"]
[WhiteClock "0:00:02"]
[BlackClock "0:00:28"]

1. d4 Nf6 2. c4 e6 3. Nc3 Bb4 4. Qc2 O-O 5. Nf3 d5 6. Bg5 c5 7. cxd5 cxd4 8. Nxd4 Qxd5 9. Bxf6 gxf6 10. e3 Nc6 11. Nxc6 Qxc6 12. Rc1 Bd7 13. a3 Bxc3+ 14. Qxc3 Qxc3+ 15. Rxc3 Rac8 16. Rxc8 Rxc8 17. Kd2 Bc6 18. f3 Kf8 19. Bd3 h6 20. Rc1 Ke7 21. Be4 Rd8+ 22. Bd3 Bb5 23. Rc7+ Ke8 24. Rc3 Bc6 25. Ke2 Ke7 26. Rc4 Rg8 27. g3 Rg5 28. Rh4 h5 29. Rb4 a5 30. Rc4 Rd5 31. Rc3 Rd6 32. h4 b6 33. b4 axb4 34. axb4 f5 35. Bc2 Kf6 36. f4 Be4 37. Bxe4 fxe4 38. Rc4 Kf5 39. Rc7 Kg4 40. Rxf7 Kxg3 41. f5 exf5 42. Rxf5 Kxh4 43. Rf4+ Kg3 44. Rxe4 h4 45. Re8 Rg6 46. Kf1 h3 47. Kg1 Rc6 48. Rg8+ Kf3 49. Rg5 Kxe3 50. Kh2 Rh6 51. Rd5 Ke4 52. Rd1 Rh5 53. Rd6 Rb5 54. Kxh3 Rxb4 55. Kg2 Rb2+ 56. Kf1 Ke3 57. Rd8 b5 58. Re8+ Kd3 59. Ke1 b4 60. Rd8+ Kc3 61. Kd1 Rb1+ 62. Ke2 Rh1 63. Rc8+ Kb2 64. Kd3 b3 65. Rf8 Rh7 66. Rf2+ Ka1 67. Kc3 b2 68. Rxb2 Rc7+ 69. Kb3 Rb7+ 70. Ka3 Rxb2 0-1


[Site "https://www.chess.com"]

[Event "Titled Tuesday Blitz January 10 Early 2023"]
[White "Degenbaev, Aziz"]
[Black "Cepo, Toni"]
[WhiteFideId "13802640"]
[BlackFideId "4675916"]
[WhiteElo "2203"]
[BlackElo "2145"]
[Result "0-1"]
[Round "05"]
[TimeControl "180+2"]
[Date "2023.01.10"]
[WhiteClock "0:02:03"]
[BlackClock "0:01:28"]

1. e4 e5 2. Nf3 Nf6 3. Nxe5 d6 4. Nf3 Nxe4 5. Nc3 Nxc3 6. dxc3 Be7 7. Bf4 O-O 8. Qd2 Nc6 9. O-O-O Bg4 10. h3 Bh5 11. g4 Bg6 12. h4 h5 13. gxh5 Bxh5 14. Be2 Bf6 15. Rdg1 Re8 16. Bd1 Ne5 17. Nxe5 Bxd1 18. Nxf7 Kxf7 19. Qxd1 Qd7 20. Qh5+ Kg8 21. Qg6 Qf7 22. Qg3 Qxa2 23. h5 Re2 24. Kd1 Rae8 25. h6 Qb1+ 26. Bc1 Qxc2# 0-1


[Site "https://www.chess.com"]

[Event "Titled Tuesday Blitz January 10 Early 2023"]
[White "Fajdetic, Hrvoje"]
[Black "Sihite, Chelsie Monica Ignesias"]
[WhiteFideId "14501945"]
[BlackFideId "7101198"]
[WhiteElo "2151"]
[BlackElo "2266"]
[Result "0-1"]
[Round "05"]
[TimeControl "180+2"]
[Date "2023.01.10"]
[WhiteClock "0:00:14"]
[BlackClock "0:00:58"]

1. d4 Nf6 2. Bf4 b6 3. Nc3 Bb7 4. Qd3 d5 5. Qh3 e6 6. e3 a6 7. Bd3 Nc6 8. a3 Ne7 9. g4 Ne4 10. Nge2 Ng6 11. Bxe4 dxe4 12. Qh5 Bd6 13. Bxd6 Qxd6 14. O-O-O b5 15. Qc5 O-O 16. Ng3 f5 17. gxf5 exf5 18. h4 Rad8 19. Qxd6 Rxd6 20. h5 Ne7 21. Nge2 g5 22. hxg6 hxg6 23. Rdg1 Kg7 24. Nf4 Rh8 25. Rxh8 Kxh8 26. Nce2 Kg7 27. b4 Rd8 28. Ng3 Rh8 29. Kd2 Kf6 30. Rh1 Rxh1 31. Nxh1 g5 32. Ne2 Nd5 33. Nc3 Nb6 34. Ng3 Nc4+ 35. Kc1 Nxa3 36. Nge2 Nc4 37. d5 Ke5 38. Nd4 f4 39. Kd1 fxe3 40. Nc6+ Bxc6 41. dxc6 exf2 42. Ke2 e3 43. Nd1 Kd4 0-1


[Site "https://www.chess.com"]

[Event "Titled Tuesday Blitz January 10 Early 2023"]
[White "Ruge, Edison"]
[Black "Szyszylo, Rafal"]
[WhiteFideId "4401000"]
[BlackFideId "1109626"]
[WhiteElo "2201"]
[BlackElo "2091"]
[Result "1-0"]
[Round "05"]
[TimeControl "180+2"]
[Date "2023.01.10"]
[WhiteClock "0:00:55"]
[BlackClock "0:00:01"]

1. e4 d6 2. Nf3 Nf6 3. d3 g6 4. Nbd2 Bg7 5. g3 O-O 6. Bg2 e5 7. h4 Bg4 8. O-O Qd7 9. Re1 c5 10. Nf1 Nc6 11. c3 b5 12. Ne3 Be6 13. Ng5 Rab8 14. Nd5 Bg4 15. f3 h6 16. Nxf7 Rxf7 17. Nxf6+ Rxf6 18. fxg4 Rbf8 19. Be3 b4 20. Qe2 a5 21. Rf1 Rxf1+ 22. Rxf1 Rxf1+ 23. Bxf1 Qe6 24. g5 hxg5 25. Bxg5 Qxa2 26. cxb4 axb4 27. h5 gxh5 28. Qxh5 Qf7 29. Qg4 Nd4 30. Bg2 Kh7 31. Qh3+ Kg6 32. Qg4 Qe6 33. Qh4 Bf6 34. Bxf6 Qxf6 35. Qg4+ Kh6 36. Kh2 Qg5 37. Qd7 Qg6 38. Qd8 Qh5+ 39. Kg1 Qd1+ 40. Kh2 Qh5+ 41. Kg1 Qd1+ 42. Bf1 Nf3+ 43. Kf2 Ng5 44. Qf6+ Kh7 45. Qxg5 Qc2+ 46. Be2 Qxb2 47. Qe7+ Kh8 48. Qxd6 1-0


[Site "https://www.chess.com"]

[Event "Titled Tuesday Blitz January 10 Early 2023"]
[White "Bozorov, Makhsum"]
[Black "Flis, Pawel"]
[WhiteFideId "14201330"]
[BlackFideId "1112864"]
[WhiteElo "2145"]
[BlackElo "1879"]
[Result "1-0"]
[Round "05"]
[TimeControl "180+2"]
[Date "2023.01.10"]
[WhiteClock "0:00:17"]
[BlackClock "0:00:03"]

1. d4 c5 2. d5 Nf6 3. Nc3 e6 4. e4 d6 5. Nf3 exd5 6. exd5 Be7 7. Be2 O-O 8. O-O Bg4 9. Bf4 a6 10. a4 Nbd7 11. h3 Bxf3 12. Bxf3 Re8 13. Re1 Bf8 14. Qd2 Qb6 15. Reb1 Ne5 16. Be2 Qb4 17. a5 Qd4 18. Ra4 Qxd2 19. Bxd2 Ng6 20. Bf1 Re5 21. b4 Nxd5 22. bxc5 Nxc3 23. Bxc3 Rxc5 24. Ba1 Rxc2 25. Rxb7 d5 26. Rd7 Bc5 27. Bd4 Bxd4 28. Rxd4 Rc5 29. R4xd5 Rxd5 30. Rxd5 h6 31. Rd6 Nf4 32. Rxa6 Rb8 33. g3 Nd5 34. Bc4 1-0


[Site "https://www.chess.com"]

[Event "Titled Tuesday Blitz January 10 Early 2023"]
[White "Lesbekova, Assel"]
[Black "Kobalia, Mikhail"]
[WhiteFideId "13713248"]
[BlackFideId "4119150"]
[WhiteElo "1772"]
[BlackElo "2578"]
[Result "0-1"]
[Round "05"]
[TimeControl "180+2"]
[Date "2023.01.10"]
[WhiteClock "0:00:02"]
[BlackClock "0:00:08"]

1. e4 c5 2. Nf3 e6 3. c4 Nc6 4. Be2 Nge7 5. d3 g6 6. Be3 d6 7. d4 Bg7 8. Nc3 cxd4 9. Nxd4 O-O 10. O-O Nxd4 11. Bxd4 Bxd4 12. Qxd4 Nc6 13. Qd2 e5 14. f4 Nd4 15. fxe5 dxe5 16. Nd5 f6 17. Rad1 Be6 18. Ne3 Qb6 19. Kh1 Rad8 20. Bg4 f5 21. exf5 gxf5 22. Bh3 Qc7 23. Qf2 Qg7 24. Nxf5 Bxf5 25. Bxf5 h5 26. Rxd4 exd4 27. Be6+ Kh8 28. Bf5 Rd6 29. Qd2 Rdf6 30. Qd3 h4 31. g4 hxg3 32. hxg3 Qh6+ 33. Kg2 Qe3 34. g4 Qxd3 35. Bxd3 Rxf1 36. Bxf1 Kg7 37. Bd3 Kh6 38. Kg3 Kg5 39. b4 b6 40. c5 bxc5 41. bxc5 Rc8 42. Be4 Rxc5 43. Bf5 Rc3+ 44. Kf2 Kf4 45. Ke2 Ra3 46. Be6 Re3+ 0-1


[Site "https://www.chess.com"]

[Event "Titled Tuesday Blitz January 10 Early 2023"]
[White "Chos, Alexey"]
[Black "Santos Ruiz, Miguel"]
[WhiteFideId "14117762"]
[BlackFideId "22291482"]
[WhiteElo "2296"]
[BlackElo "2590"]
[Result "0-1"]
[Round "05"]
[TimeControl "180+2"]
[Date "2023.01.10"]
[WhiteClock "0:00:02"]
[BlackClock "0:00:12"]

1. Nf3 d5 2. c4 e6 3. g3 dxc4 4. Bg2 a6 5. a4 Nc6 6. O-O e5 7. Nc3 Nf6 8. a5 Bd6 9. Qa4 O-O 10. Qxc4 Be6 11. Qa4 Bd7 12. Qd1 h6 13. d3 Re8 14. Nd2 Qc8 15. Nc4 Bh3 16. Be3 Bxg2 17. Kxg2 Bf8 18. Rc1 Qd7 19. Qb3 Nd4 20. Qd1 Re6 21. f3 Rd8 22. Ne4 Nd5 23. Bf2 f5 24. Ned2 Nc6 25. Nb3 Qe8 26. e3 Ndb4 27. d4 exd4 28. exd4 Kh8 29. Rc3 Nd5 30. Rc2 Bb4 31. Qc1 Qg6 32. Nc5 Bxc5 33. dxc5 Ncb4 34. Rd2 Rde8 35. Rd4 Re2 36. Kg1 c6 37. Nd6 R8e7 38. Qb1 Nc2 39. Rd3 Nce3 40. Bxe3 Nxe3 41. Rf2 Rxf2 42. Kxf2 Qh5 43. h4 Nd5 44. Qd1 f4 45. Rd4 fxg3+ 46. Kxg3 Qe5+ 47. f4 Qe3+ 48. Kh2 Qf2+ 49. Kh3 Re3+ 50. Kg4 Qg2+ 0-1


[Site "https://www.chess.com"]

[Event "Titled Tuesday Blitz January 10 Early 2023"]
[White "Doluhanova, Evgeniya"]
[Black "Leiva, Gianmarco"]
[WhiteFideId "14112035"]
[BlackFideId "3804399"]
[WhiteElo "2275"]
[BlackElo "2392"]
[Result "0-1"]
[Round "05"]
[TimeControl "180+2"]
[Date "2023.01.10"]
[WhiteClock "0:00:03"]
[BlackClock "0:00:02"]

1. Nf3 Nf6 2. g3 d5 3. Bg2 Bg4 4. O-O c6 5. Ne5 Bh5 6. d4 Nbd7 7. Bf4 e6 8. Nd2 Be7 9. c3 O-O 10. Re1 Nxe5 11. Bxe5 Re8 12. Qc1 c5 13. e4 cxd4 14. Bxd4 Qc7 15. Bxf6 Bxf6 16. exd5 exd5 17. Bxd5 Bg5 18. Qc2 Red8 19. Qd3 Bxd2 20. Qxd2 Qc5 21. c4 Qxc4 22. Bxc4 Rxd2 23. b3 Kf8 24. Re5 Bg6 25. a4 Rad8 26. Rae1 Rd1 27. Re8+ Rxe8 28. Rxd1 Bf5 29. f3 Re3 30. Kf2 Rc3 31. g4 Rc2+ 32. Kg3 Bg6 33. Rd8+ Ke7 34. Rb8 b6 35. Rb7+ Kf6 36. Rxa7 h5 37. h3 hxg4 38. hxg4 Rc3 39. Ra6 Ke5 40. Rxb6 Be4 41. Rb5+ Kd4 42. Rb4 Rxf3+ 43. Kh4 Ke5 44. Bb5 f6 45. Bd7 g5+ 46. Kh5 Rh3# 0-1


[Site "https://www.chess.com"]

[Event "Titled Tuesday Blitz January 10 Early 2023"]
[White "Demin, Vladimir"]
[Black "Fernandez Siles, Luis"]
[WhiteFideId "4167457"]
[BlackFideId "2209420"]
[WhiteElo "2430"]
[BlackElo "2218"]
[Result "1-0"]
[Round "05"]
[TimeControl "180+2"]
[Date "2023.01.10"]
[WhiteClock "0:00:19"]
[BlackClock "0:00:32"]

1. d4 Nf6 2. Nc3 d5 3. Bf4 c5 4. e4 Nxe4 5. Nxe4 dxe4 6. dxc5 Qxd1+ 7. Rxd1 Nc6 8. f3 exf3 9. Nxf3 e6 10. Bd6 Bd7 11. Ng5 f6 12. Ne4 Be7 13. Bc4 Ne5 14. Bxe5 fxe5 15. Ke2 Bc6 16. Nd6+ Bxd6 17. Rxd6 O-O 18. Rxe6 Kh8 19. Rg1 Rae8 20. Rxe8 Rxe8 21. g4 Rf8 22. g5 g6 23. c3 Rf4 24. Bd3 e4 25. Bc2 Bb5+ 26. Ke3 Rh4 27. Bxe4 Rxh2 28. b4 Bc6 29. Bxc6 bxc6 30. a4 Ra2 31. b5 h5 32. gxh6 Kh7 33. bxc6 1-0


[Site "https://www.chess.com"]

[Event "Titled Tuesday Blitz January 10 Early 2023"]
[White "Womacka, Mathias"]
[Black "Gatterer, Florian"]
[WhiteFideId "4611390"]
[BlackFideId "811688"]
[WhiteElo "2396"]
[BlackElo "2170"]
[Result "1-0"]
[Round "05"]
[TimeControl "180+2"]
[Date "2023.01.10"]
[WhiteClock "0:00:21"]
[BlackClock "0:01:17"]

1. e4 c5 2. Nf3 e6 3. d4 cxd4 4. Nxd4 Nf6 5. Nc3 Nc6 6. Ndb5 Bb4 7. a3 Bxc3+ 8. Nxc3 d5 9. exd5 exd5 10. Bd3 O-O 11. O-O Bg4 12. f3 Bh5 13. Bg5 Qd6 14. Kh1 Bg6 15. Bxg6 hxg6 16. Bxf6 Qxf6 17. Qxd5 Rad8 18. Qb5 Rd2 19. Ne4 Qd4 20. Nxd2 Qxd2 21. Qxb7 Nd4 22. Rad1 Qe2 23. Qe4 Qxe4 24. fxe4 Nxc2 25. Rd7 Ne3 26. Rc1 Re8 27. Rcc7 Rxe4 28. Rxf7 Nf5 29. Kg1 Re2 30. b4 a6 31. g4 Nh4 32. Rxg7+ Kf8 33. Rgd7 Nf3+ 34. Kf1 Re8 35. Rf7+ Kg8 36. Rxf3 Re4 37. h3 Rd4 38. Rff7 Re4 39. Rfd7 Re8 40. Rg7+ Kh8 41. Rh7+ Kg8 42. Rcg7+ Kf8 43. Rh8+ Kxg7 44. Rxe8 Kf6 45. Ra8 Kg5 46. Rxa6 Kh4 47. Rxg6 Kg3 48. b5 Kh2 49. b6 Kh1 50. Kf2 Kh2 51. b7 Kh1 52. Rh6 Kh2 53. b8=Q+ Kh1 54. Qb1+ Kh2 55. Qg1# 1-0


[Site "https://www.chess.com"]

[Event "Titled Tuesday Blitz January 10 Early 2023"]
[White "Balint, Vilmos"]
[Black "Karttunen, Mika"]
[WhiteFideId "718050"]
[BlackFideId "502081"]
[WhiteElo "2169"]
[BlackElo "2490"]
[Result "1-0"]
[Round "05"]
[TimeControl "180+2"]
[Date "2023.01.10"]
[WhiteClock "0:00:53"]
[BlackClock "0:00:12"]

1. e4 e5 2. f4 d6 3. Bc4 exf4 4. Nf3 h6 5. h4 Bg4 6. d4 Nf6 7. Nc3 Nh5 8. Ne5 dxe5 9. Qxg4 Ng3 10. Rh3 h5 11. Qd1 Nc6 12. dxe5 Qxd1+ 13. Nxd1 Nxe5 14. Bxf4 Nxc4 15. Rxg3 O-O-O 16. b3 Nd6 17. Nc3 Re8 18. Re3 g5 19. hxg5 Bg7 20. e5 Nf5 21. Re2 Re6 22. O-O-O Rhe8 23. Rh1 Bxe5 24. Bxe5 Rxe5 25. Rxe5 Rxe5 26. Rxh5 Kd7 27. g4 Ne7 28. Rh7 Ke6 29. Rg7 Ng6 30. Rg8 Rxg5 31. Ra8 a6 32. Ra7 Rxg4 33. Rxb7 Kd6 34. Ra7 Ne7 35. Rxa6+ Kd7 36. Rf6 Ke8 37. Nb5 Nd5 38. Rf5 Ne3 39. Nxc7+ Kd7 40. Rxf7+ Kd6 41. Nb5+ Ke6 42. Rf8 Ke7 43. Rh8 Rg1+ 44. Kb2 Rg2 45. Nd4 Rd2 46. Rh4 Kd7 47. a4 Nd1+ 48. Ka3 Nc3 49. Kb4 Na2+ 50. Kb5 Rd1 51. c4 Nc1 52. a5 Nd3 53. a6 Ra1 54. b4 Ne5 55. Rh7+ Kd6 56. Rh6+ Kd7 57. c5 Nf7 58. Rh7 Ke8 59. Kb6 Ne5 60. b5 Nc4+ 61. Kb7 Ne5 62. a7 1-0


[Site "https://www.chess.com"]

[Event "Titled Tuesday Blitz January 10 Early 2023"]
[White "Qashashvili, Alexandre"]
[Black "Parpiev, Isaak"]
[WhiteFideId "13600842"]
[BlackFideId "34281576"]
[WhiteElo "2505"]
[BlackElo "2167"]
[Result "1/2-1/2"]
[Round "05"]
[TimeControl "180+2"]
[Date "2023.01.10"]
[WhiteClock "0:00:17"]
[BlackClock "0:00:07"]

1. e4 e5 2. Nc3 Nc6 3. Nf3 Nf6 4. d4 d6 5. dxe5 Nxe5 6. Nxe5 dxe5 7. Qxd8+ Kxd8 8. Bc4 Ke8 9. Bg5 c6 10. f3 Nd7 11. a3 f6 12. Be3 Bc5 13. Bxc5 Nxc5 14. Ke2 Ke7 15. Rhd1 Ne6 16. Bxe6 Bxe6 17. Rd2 h5 18. Rad1 h4 19. h3 Rad8 20. Ke3 Rxd2 21. Rxd2 Rd8 22. Rxd8 Kxd8 23. Kd3 a5 24. Nd1 Ke7 25. Ne3 b5 26. c4 Kd6 27. cxb5 cxb5 28. Kc3 Kc6 29. b4 a4 30. Kd3 Kd6 31. Kc3 Ke7 32. Kd3 g6 33. Ke2 f5 34. Kf2 Kf6 35. Nd1 Kg5 36. Ke3 Bc4 37. Nc3 Bf1 38. Kf2 Bd3 39. Ke3 Bc4 40. Nd1 Bf1 41. Kf2 Bd3 42. Ke3 Bc4 43. Nb2 Be6 44. Nd3 Kf6 45. Nc5 Bc4 46. Nd7+ Ke6 47. Nf8+ Kf6 48. Nd7+ Ke6 49. Nc5+ Ke7 50. Nd3 f4+ 51. Kd2 Kd6 52. Ne1 Bf1 53. Kc3 g5 54. Kd2 Ke6 55. Kd1 Kf6 56. Kc1 Kg6 57. Kd2 Kf7 58. Kc3 Ke6 59. Kb2 Ke7 60. Kc1 Ke8 61. Kd1 Kf7 62. Kd2 Kg7 63. Kc3 Kf6 64. Kd2 Kf7 65. Kc3 Kf8 66. Kd2 Kg8 67. Kc3 Kh8 68. Kd2 Kh7 69. Kc3 Kh6 70. Kc2 Kh5 71. Kd2 Kg6 72. Kd1 Kf6 73. Kc1 Kg6 74. Kb1 Bc4 75. Kc2 Bf1 76. Kd2 Kf7 1/2-1/2


[Site "https://www.chess.com"]